 Dungeon Crawl Stone Soup version 0.29-a0-473-gacb4ef3bc5 (webtiles) character file.

Game seed: 7588990547843720202

2216 Lekart the Cudgeller (level 9, -3/78 HPs)
             Began as a Red Draconian Chaos Knight on May 23, 2022.
             Was a Plaything of Xom.
             Shot with an arrow by a centaur (5 damage)
             ... on level 7 of the Dungeon.
             The game lasted 00:09:41 (6064 turns).

Lekart the Cudgeller (Red Draconian Chaos Knight)   Turns: 6064, Time: 00:09:42

Health: -3/78      AC:  9    Str: 15    XL:     9   Next: 13%
Magic:  13/13      EV: 14    Int: 12    God:    Xom [....*.]
Gold:   332        SH:  4    Dex: 15    Spells: 12/13 levels left

rFire   + + .      SeeInvis +   u - +2 eveningstar (chaos)
rCold   + + +      Faith    .   (no shield)
rNeg    + . .      Spirit   .   (body armour unavailable)
rPois   +          Reflect  .   (helmet restricted)
rElec   .          Harm     .   s - scarf {rC+ rF+}
rCorr   .          Rampage  .   (no gloves)
Will    .....      Clarity  +   h - +1 pair of boots
Stlth   ++........              f - amulet of magic regeneration
HPRegen 0.23/turn               w - ring of see invisible
MPRegen 0.53/turn               d - ring of positive energy

@: about to teleport
A: breathe fire, AC +7, unfitting armour, fire resistance 1, cold-blooded, beak,
hooves 1, stinger 1, large bone plates 1, camouflage 1, clarity, cold resistance
2, poison resistance, wild magic 3
a: Breathe Fire, Renounce Religion


You were on level 7 of the Dungeon.
You worshipped Xom.
You were a beloved toy of Xom.
You visited 1 branch of the dungeon, and saw 7 of its levels.

You collected 332 gold pieces.

Inventory:

Hand Weapons
 a - a +0 falchion of chaos
 l - a +2 whip of electrocution
 u - a +2 eveningstar of chaos (weapon)
Missiles
 v - a throwing net
Armour
 h - a +1 pair of boots (worn)
 s - a scarf of resistance (worn)
Jewellery
 d - a ring of positive energy (right hand)
 f - an amulet of magic regeneration (around neck)
 g - a ring of wizardry
 n - a ring of positive energy
 w - a ring of see invisible (left hand)
 x - a ring of flight
Scrolls
 e - a scroll of poison
 i - a scroll of immolation
 r - a scroll of magic mapping
 y - a scroll of teleportation
Potions
 c - 4 potions of lignification
 j - a potion of mutation
 k - a potion of attraction
 m - a potion of degeneration
 o - 2 potions of brilliance
 p - a potion of flight
 q - a potion of magic
 t - 5 potions of curing
Miscellaneous
 b - a piece from Xom's chessboard (15/15) (quivered)


   Skills:
 + Level 6.4 Fighting
 + Level 4.9 Long Blades
 + Level 7.8 Maces & Flails
 + Level 4.7 Dodging
 + Level 1.0 Shields
 + Level 2.7 Spellcasting
 + Level 2.5 Transmutations
 + Level 0.1 Evocations


You had 12 spell levels left.
You knew the following spells:

 Your Spells              Type           Power      Damage    Failure   Level
a - Beastly Appendage     Tmut           28%        N/A       26%         1

Your spell library contained the following spells:

 Spells                   Type           Power      Damage    Failure   Level
 Wereblood                Tmut           14%        N/A       34%         2
 Magic Dart               Conj           12%        1d3       52%         1
 Call Imp                 Summ           3%         N/A       63%         2
 Poisonous Vapours        Pois/Air       6%         N/A       63%         2
 Spider Form              Tmut/Pois      9%         N/A       67%         3
 Mephitic Cloud           Conj/Pois/Air  3%         N/A       82%         3
 Summon Guardian Golem    Hex/Summ       3%         N/A       82%         3
 Corpse Rot               Necr/Pois/Air  3%         N/A       99%         4
 Orb of Destruction       Conj           1%         9d5       100%        7
 Spellforged Servitor     Conj/Summ      1%         N/A       100%        7


Dungeon Overview and Level Annotations

Branches:
Dungeon (7/15)             Temple (0/1) D:6

Altars:
Ashenzari
Cheibriados
Elyvilon
Kikubaaqudgha
Makhleb
Okawaru
Qazlal
Sif Muna
Uskayaw
Wu Jian
Xom

Shops:
D:4 =

Annotations:
D:4 3 runed translucent doors, CInkIbrahim's ghost, amateur OpBe


Innate Abilities, Weirdness & Mutations

You can breathe blasts of fire.
Your fiery red scales are hard. (AC +7)
You cannot fit into any form of body armour.
Your flesh is heat resistant. (rF+)
You are cold-blooded and may be slowed by cold attacks.
You have a beak for a mouth.
You have large cloven feet.
Your tail ends in a venomous barb.
You are partially covered in large bone plates. (SH +4)
Your skin changes colour to match your surroundings (Stealth+).
You possess an exceptional clarity of mind.
Your flesh is very cold resistant. (rC++)
Your system is resistant to poisons. (rPois)
Your spells are much harder to cast, but much more powerful.


Message History

The centaur shoots an arrow.
The arrow hits you!
There is a stone staircase leading up, spattered with blood here.
The centaur shoots an arrow.
The arrow closely misses you.
The centaur shoots an arrow.
The arrow hits you!
Found a stone staircase leading down.
The centaur shoots an arrow.
The arrow barely misses you.
The centaur shoots an arrow.
The arrow hits you!
The centaur shoots an arrow.
You block the arrow.
Found a jewelled fluorescent wand.
The centaur shoots an arrow.
The arrow completely misses you.
The centaur shoots an arrow.
The arrow closely misses you.
The centaur shoots an arrow.
The arrow hits you.
The centaur shoots an arrow.
The arrow barely misses you.
The centaur shouts!
You hear a shout!
The centaur wields a +0 shortbow.
The centaur shoots an arrow.
The arrow closely misses you.
The centaur shoots an arrow.
The arrow barely misses you.
Found a quarterstaff.
The centaur shoots an arrow.
The arrow hits you.
The centaur shoots an arrow.
The arrow hits you.
The centaur shoots an arrow.
You block the arrow.
The centaur shoots an arrow.
The arrow hits you!
* * * LOW HITPOINT WARNING * * *
A kobold brigand comes into view.
It is wielding a +0 short sword and quivering poisoned darts.
The centaur shoots an arrow.
The arrow hits you!
* * * LOW HITPOINT WARNING * * *
The centaur shoots an arrow.
The arrow closely misses you.
You see here a scroll of magic mapping.
r - a scroll of magic mapping The centaur shoots an arrow.
The arrow misses you.
The centaur shoots an arrow.
The arrow misses you.
The centaur shoots an arrow.
The arrow misses you.
The centaur shoots an arrow.
The arrow hits you.
* * * LOW HITPOINT WARNING * * *
The centaur shoots an arrow.
The arrow barely misses you.
The centaur shoots an arrow.
The arrow hits you but does no damage.
As you read the scroll of teleportation, it crumbles to dust.
You feel strangely unstable.
The centaur shoots an arrow.
The arrow hits you!
* * * LOW HITPOINT WARNING * * *
The centaur shoots an arrow.
The arrow hits you.
You die...
Xom howls with laughter!

#........<##......>/
......c.............
............#.....##
##.....c...........#
#......K...........#
.......c.....#....##
#.....#......#...##
#....##..........#
..... ###...@.#....#
..... ####.## ...#
... ... ..... ..
......# . ........
.....#)... #.....
#....


You could see a kobold brigand and 3 centaurs.

Vanquished Creatures
  3 water moccasins (D:6)
  2 black bears (D:6)
  2 sky beasts (D:6)
  An ice beast (D:5)
  A centaur (D:5)
  A phantom (D:3)
  4 necrophages
  2 scorpions
  4 wights
  A bullfrog zombie (D:4)
  A human zombie (D:4)
  An orc priest (D:5)
  A gnoll shaman (D:5)
  2 hounds
  5 iguanas
  An orc wizard (D:6)
  2 hound zombies (D:4)
  10 gnolls
  6 adders
  8 river rats (D:5)
  A white imp (D:6)
  2 ufetubi (D:5)
  4 adder zombies (D:4)
  A dart slug (D:3)
  8 orcs
  7 ball pythons
  2 endoplasms
  2 giant cockroaches
  4 goblins
  4 hobgoblins
  7 quokkas
  4 bats (D:3)
  4 frilled lizards
  4 kobolds
  21 rats
133 creatures vanquished.

Notes
Turn   | Place    | Note
-------+----------+-------------------------------------------
     0 | D:1      | Lekart the Draconian Chaos Knight began the quest for the
                  | Orb.
     0 | D:1      | Reached XP level 1. HP: 19/19 MP: 1/1
    97 | D:1      | XOM: divination: detect creatures
   193 | D:1      | Found a faded altar of an unknown god.
   412 | D:1      | XOM: give mutation
   412 | D:1      | Gained mutation: Your spells are a little harder to cast,
                  | but a little more powerful. [Xom's grace]
   422 | D:1      | XOM is BORED!
   422 | D:1      | XOM: give mutation
   422 | D:1      | Gained mutation: Your spells are harder to cast, but more
                  | powerful. [Xom's mischief]
   468 | D:1      | XOM: summons friendly crimson imp
   475 | D:1      | Reached XP level 2. HP: 27/27 MP: 2/2
   518 | D:2      | XOM: confuse monster(s)
   628 | D:2      | Reached XP level 3. HP: 27/33 MP: 3/3
  1073 | D:2      | XOM: 5-stop teleportation journey
  1074 | D:2      | You fall into a shaft and drop 1 floor!
  1297 | D:2      | Reached XP level 4. HP: 8/40 MP: 4/4
  1811 | D:2      | XOM: give mutations
  1811 | D:2      | Gained mutation: Your flesh is cold resistant. (rC+) [Xom's
                  | grace]
  1811 | D:2      | Gained mutation: Your spells are much harder to cast, but
                  | much more powerful. [Xom's grace]
  1811 | D:2      | Gained mutation: You possess an exceptional clarity of
                  | mind. [Xom's grace]
  1917 | D:3      | Found a snail-covered altar of Cheibriados.
  1973 | D:3      | Found an iron altar of Okawaru.
  2123 | D:3      | Learned a level 1 spell: Beastly Appendage
  2181 | D:3      | Noticed a phantom
  2188 | D:3      | Killed a phantom
  2189 | D:3      | Reached skill level 1 in Maces & Flails
  2189 | D:3      | Reached XP level 5. HP: 44/47 MP: 3/5
  2424 | D:3      | Found an ornate altar of the Wu Jian Council.
  2434 | D:3      | XOM: give mutations
  2434 | D:3      | Gained mutation: You are agile. (Dex +2) [Xom's grace]
  2434 | D:3      | Gained mutation: Your tail ends in a venomous barb. [Xom's
                  | grace]
  2434 | D:3      | Gained mutation: You have large cloven feet. [Xom's grace]
  2434 | D:3      | Gained mutation: You have a pair of small horns on your
                  | head. [Xom's grace]
  2582 | D:4      | Found a runed translucent gate.
  2583 | D:4      | Found a runed translucent gate.
  2584 | D:4      | Found a runed translucent gate.
  2586 | D:4      | Noticed CInkIbrahim's ghost (amateur OpBe)
  2876 | D:4      | Reached skill level 2 in Maces & Flails
  2876 | D:4      | Reached XP level 6. HP: 53/53 MP: 6/6
  2897 | D:4      | Found Jixot's One-of-a-Kind Rings.
  2917 | D:4      | Found a stormy altar of Qazlal.
  2918 | D:4      | Found a white marble altar of Elyvilon.
  2919 | D:4      | Found a broken altar of Ashenzari.
  2920 | D:4      | Found a shimmering blue altar of Sif Muna.
  3036 | D:4      | Found a burning altar of Makhleb.
  3143 | D:4      | Found an ancient bone altar of Kikubaaqudgha.
  3186 | D:4      | Reached skill level 1 in Spellcasting
  3186 | D:4      | Reached skill level 1 in Transmutations
  3227 | D:4      | XOM: fake destruction
  3227 | D:4      | XOM: butterfly on damage
  3231 | D:4      | Reached skill level 3 in Maces & Flails
  3388 | D:4      | XOM: enchant monster (good)
  3398 | D:4      | Your scales start taking on a fiery red colour.
  3398 | D:4      | Reached XP level 7. HP: 60/60 MP: 6/9
  3398 | D:4      | Gained mutation: Your flesh is heat resistant. (rF+) [Red
                  | Draconian growth]
  3478 | D:4      | XOM: give mutations
  3478 | D:4      | Gained mutation: Your skin changes colour to match your
                  | surroundings (Stealth+). [Xom's grace]
  3478 | D:4      | Gained mutation: Your flesh is very cold resistant. (rC++)
                  | [Xom's grace]
  3478 | D:4      | Gained mutation: You have hidden genetic potential. [Xom's
                  | grace]
  3519 | D:4      | XOM: divination: magic mapping
  3540 | D:5      | Entered Level 5 of the Dungeon
  3593 | D:5      | XOM: god gift: embroidered scarf {god gift}
  3596 | D:5      | Reached skill level 5 in Fighting
  3596 | D:5      | Reached skill level 4 in Maces & Flails
  3602 | D:5      | XOM: confuse monster(s)
  3956 | D:5      | Found a hide-covered altar of Uskayaw.
  3973 | D:5      | XOM: enchant monster (good)
  4009 | D:5      | XOM: god gift: +2 eveningstar of chaos
  4023 | D:5      | XOM: enchant monster (bad)
  4260 | D:5      | XOM: give mutations
  4260 | D:5      | Gained mutation: Your mind is acute. (Int +2) [Xom's grace]
  4260 | D:5      | Gained mutation: Your system is resistant to poisons.
                  | (rPois) [Xom's grace]
  4656 | D:5      | Reached skill level 5 in Maces & Flails
  4656 | D:5      | Reached XP level 8. HP: 68/68 MP: 11/11
  4682 | D:5      | Gained mutation: You are partially covered in large bone
                  | plates. (SH +4) [hidden potential]
  4776 | D:5      | XOM: scenery: create altars
  5147 | D:5      | XOM: god gift: scratched glass ring {god gift}
  5267 | D:5      | XOM: divination: magic mapping
  5302 | D:5      | Reached skill level 6 in Maces & Flails
  5409 | D:6      | Found a staircase to the Ecumenical Temple.
  5492 | D:6      | XOM: 1-stop teleportation journey
  5545 | D:6      | XOM: give mutations
  5545 | D:6      | Lost mutation: Your mind is acute. (Int +2) [Xom's
                  | mischief]
  5545 | D:6      | Lost mutation: You are agile. (Dex +2) [Xom's mischief]
  5545 | D:6      | Lost mutation: You have a pair of small horns on your head.
                  | [Xom's mischief]
  5574 | D:6      | XOM: enchant monster (good)
  5587 | D:6      | Reached skill level 7 in Maces & Flails
  5791 | D:6      | Reached XP level 9. HP: 77/77 MP: 12/12
  5888 | D:6      | XOM: god gift: scroll labelled NYRY CUAGAWKUP {god gift}
  5917 | D:6      | Gained mutation: You have a beak for a mouth. [hidden
                  | potential]
  5917 | D:6      | Lost mutation: You have hidden genetic potential. [hidden
                  | potential expressed]
  6006 | D:6      | Reached skill level 1 in Shields
  6064 | D:7      | HP: 2/78 [centaur/arrow (9)]
  6064 | D:7      | Shot with an arrow by a centaur

Illustrated notes

Levels and vault maps discovered:
D:1:      dpeg_arrival_another_circle, layout_rooms, basic_ecumenical_altar
D:2:      minmay_skewed_foursquare, layout_basic,
          nicolae_concentric_dashed_squares_wild
D:3:      layout_basic, kennysheep_slug_shrine, nzn_wu_jian_council_hall,
          mainiacjoe_overflow_boulevard
D:4:      layout_rooms, lemuel_mausoleum_altar_kikubaaqudgha,
          lightli_temple_of_fire, mainiacjoe_overflow_alcove_3,
          gammafunk_ghost_split, minivault_23, nicolae_shop_unique_rings
D:5:      lemuel_ratsnest, layout_basic,
          mainiacjoe_overflow_concentric_impassable, minmay_checkerbox
D:6:      layout_gridville, minmay_temple_entry_slanted
D:7:      layout_cave_pools, enter_bailey_7, uniq_crazy_yiuf_cottage,
          uniq_menkaure, uniq_prince_ribbit1

Skill      XL: |  1  2  3  4  5  6  7  8  9 |
---------------+----------------------------+-----
Fighting       | 4 5 6 |  6.4
Long Blades    | 4 |  4.9
Maces & Flails | 1 2 3 5 7 |  7.8
Dodging        | 3 4 |  4.7
Spellcasting   | 1 2 |  2.7
Transmutations | 1 2 |  2.5
Shields        | 1 |  1.0
Evocations     | |  0.1

Action                   |  1- 3 |  4- 6 |  7- 9 || total
-------------------------+-------+-------+-------++-------
Melee: Falchion          |    80 |       |       ||    80
       Tailslap          |    10 |    12 |    27 ||    49
       Punch             |     1 |     1 |     1 ||     3
       Whip              |       |   100 |    51 ||   151
       Kick              |       |     8 |    14 ||    22
       Headbutt          |       |    16 |    33 ||    49
       Eveningstar       |       |       |   130 ||   130
       Peck              |       |       |     1 ||     1
 Cast: Beastly Appendage |       |     7 |    10 ||    17
 Abil: Breathe Fire      |       |       |    10 ||    10
Evoke: Piece from Xom's  |       |       |     1 ||     1
  Use: Potion            |       |     6 |       ||     6
       Scroll            |       |     7 |     6 ||    13
 Stab: Sleeping          |     2 |     1 |     6 ||     9
       Petrified         |       |       |     4 ||     4
Armor: Skin              |    21 |    29 |    72 ||   122
Dodge: Dodged            |    50 |    60 |   187 ||   297
Block: Other             |       |       |    18 ||    18

Table legend: (Time is in decaauts)
 A = Elapsed time spent in this place.
 B = Non-inter-level travel time spent in this place.
 C = Inter-level travel time spent in this place.
 D = Time resting spent in this place.
 E = Time spent auto-exploring this place.
 F = Levels seen in this place.
 G = Mean time per level.
                   A        B        C        D        E       F      G
               +--------+--------+--------+--------+--------+-----+--------+
         Total |   6095 |   5993 |    102 |    723 |   4161 |   7 |  870.7 |
       Dungeon |   6095 |   5993 |    102 |    723 |   4161 |   7 |  870.7 |
               +--------+--------+--------+--------+--------+-----+--------+

Top non-repeatable levels by time:
     D:5: 1881 daAuts
     D:2: 1322 daAuts
     D:4: 1092 daAuts
     D:6: 648 daAuts
     D:3: 619 daAuts
     D:1: 518 daAuts
     D:7: 13 daAuts
